 Dungeon Crawl Stone Soup version 0.17.0-7-gfadd4cc (console) character file.

95 gw the Grasshopper (level 4, 0/23 HPs)
             Began as a Spriggan Warper on Nov 8, 2015.
             Succumbed to a goblin's poison
             ... on level 3 of the Dungeon.
             The game lasted 00:04:05 (2852 turns).

gw the Grasshopper (Spriggan Warper)                Turns: 2852, Time: 00:04:05

Health: 0/23       AC:  2    Str:  7    XL:     4   Next: 40%
Magic:  11/11      EV: 19    Int: 15    God:
Gold:   79         SH:  0    Dex: 15    Spells: 4 memorised, 3 levels left

rFire  . . .     SeeInvis +     b - +1 dagger (drain)
rCold  . . .     Clarity  .     e - +0 robe
rNeg   . . .     SustAt   .     (shield restricted)
rPois  .         Gourm    .     (helmet restricted)
rElec  .         Spirit   .     (no cloak)
rCorr  .         Warding  .     (gloves unavailable)
rMut   .         Stasis   .     (boots unavailable)
MR     .....                    (no amulet)
Stlth  +.........               (no ring)
                                (no ring)

@: lethally poisoned (0 -> -6), very quick, not resistant to hostile
enchantments, very unstealthy
A: unfitting armour, see invisible, herbivore 3, speed 3, slow metabolism 2
a: no special abilities


You were on level 3 of the Dungeon.
You were not hungry.

You visited 1 branch of the dungeon, and saw 3 of its levels.

You collected 79 gold pieces.

Inventory:

Hand Weapons
 b - a +1 dagger of draining (weapon)
Missiles
 g - 125 stones (quivered)
Armour
 e - a +0 robe (worn)
Scrolls
 d - a scroll of blinking
Books
 c - a book of Spatial Translocations

   Spells                             Type                      Level
   a - Apportation                    Translocation                1
   b - Blink                          Translocation                2
   c - Shroud of Golubria             Charms/Translocation         2
   d - Portal Projectile              Translocation                3
   e - Teleport Other                 Translocation                3
   f - Passage of Golubria            Translocation                4
Comestibles
 f - 3 bread rations


   Skills:
 + Level 1.9 Fighting
 + Level 2.9 Short Blades
 - Level 1.0 Throwing
 + Level 4.4 Dodging
 * Level 4.2 Spellcasting
 + Level 5.0 Translocations


You had 3 spell levels left.
You knew the following spells:

 Your Spells              Type           Power        Failure   Level  Hunger
a - Apportation           Tloc           ###.......   1%          1    None
b - Blink                 Tloc           N/A          3%          2    ##.....
c - Shroud of Golubria    Chrm/Tloc      ##........   12%         2    ##.....
d - Portal Projectile     Tloc           ###...       10%         3    ###....


Dungeon Overview and Level Annotations

Branches:
Dungeon (3/15)

Altars:


Innate Abilities, Weirdness & Mutations

You are tiny and cannot use many weapons and most armour.
You have supernaturally acute eyesight.
You are a herbivore.
You cover ground extremely quickly.
You need consume almost no food.


Message History

You swing at nothing.
You feel sick.
Unknown command.
Unknown command.
Unknown command.
Unknown command.
ATTACKING (0,1)
You swing at nothing.
Unknown command.
Unknown command.
Unknown command.
Unknown command.
ATTACKING (0,1)
You swing at nothing.
Unknown command.
Unknown command.
Unknown command.
Unknown command.
ATTACKING (0,1)
You swing at nothing.
You die...

#.. #.########
#........#
.#.#####..#####.#
#........%.).##### #.#
#.####...#...#
#####.#.. ..#....#.#.#
...##.#.# #.#..#.#.#.#
##.##.#.#.#.#..#i#.#.#
##.##.#.#.#.#..#.#...#
.#.##.#.#......#.###.#
##<##.#.###.##.#.....#
##....#.# #.##.#####.#
........# #.##.....#.#
###########.#......#.#
............#.######.#
#############.# #.#


There were no monsters in sight!

Table legend:
 A = Turns spent in this place as a percentage of turns spent in the entire game.
 B = Non-inter-level travel turns spent in this place as a percentage of non-inter-level travel turns spent in the entire game.
 C = Inter-level travel turns spent in this place as a percentage of turns spent in this place.
 D = Turns resting spent in this place as a percentage of non-inter-level travel turns spent in this place.
 E = Turns spent auto-exploring this place as a percentage of non-inter-level travel turns spent in this place.
 F = Non-inter-level travel turns spent in this place divided by the number of levels of this place that you've seen.
                   A       B       C       D       E      F
               +-------+-------+-------+-------+-------+----------------------
         Total | 100.0 | 100.0 |   0.0 |   1.7 |   1.4 | 1794.0
       Dungeon | 100.0 | 100.0 |   0.0 |   1.7 |   1.4 | 1794.0
               +-------+-------+-------+-------+-------+----------------------

Table legend:
 A = Kills in this place as a percentage of kills in entire the game.
 B = Kills by you in this place as a percentage of kills by you in the entire game.
 C = Kills by friends in this place as a percentage of kills by friends in the entire game.
 D = Other kills in this place as a percentage of other kills in the entire game.
 E = Experience gained in this place as a percentage of experience gained in the entire game.
 F = Experience gained in this place divided by the number of levels of this place that you have seen.
                   A       B       C       D       E      F
               +-------+-------+-------+-------+-------+----------------------
         Total | 100.0 | 100.0 |  -nan |  -nan | 100.0 |  45.7
       Dungeon | 100.0 | 100.0 |  -nan |  -nan | 100.0 |  45.7
               +-------+-------+-------+-------+-------+----------------------

Vanquished Creatures
  Jessica (D:2)
  An adder (D:2)
  An ooze (D:2)
  A worm (D:2)
  4 giant geckos
  3 ball pythons (D:1)
  3 giant cockroaches (D:2)
  7 hobgoblins
  9 bats
  A giant newt (D:2)
  8 goblins
  6 kobolds
  9 rats
54 creatures vanquished.

Notes
Turn   | Place    | Note
--------------------------------------------------------------
     0 | D:1      | gw the Spriggan Warper began the quest for the Orb.
     0 | D:1      | Reached XP level 1. HP: 10/10 MP: 5/5
   410 | D:1      | Reached XP level 2. HP: 8/14 MP: 7/7
   557 | D:1      | Learned a level 2 spell: Blink
   560 | D:1      | Learned a level 2 spell: Shroud of Golubria
  1272 | D:1      | Reached XP level 3. HP: 18/18 MP: 6/9
  1299 | D:1      | Learned a level 3 spell: Portal Projectile
  2352 | D:2      | Noticed Jessica
  2415 | D:2      | Killed Jessica
  2415 | D:2      | Reached XP level 4. HP: 20/23 MP: 8/11
  2527 | D:2      | Reached skill level 5 in Translocations
  2849 | D:3      | HP: 1/23 [poisoned by a goblin]
  2852 | D:3      | Succumbed to a goblin's poison

Action                   |  1- 3 |  4- 6 || total
-------------------------+-------+-------++-------
Melee: Short sword       |    78 |       ||    78
       Dagger            |    80 |    19 ||    99
Throw: Tomahawk          |     5 |       ||     5
 Cast: Shroud of Golubri |    35 |     2 ||    37
  Eat: Bread ration      |     1 |       ||     1

Vault maps used:
D:1:      lightli_arrival_isolated_outpost
D:2:      uniq_jessica
D:3:      grunt_temple_overflow_open, nemelex_lonely_heart_becter
